 Dungeon Crawl Stone Soup version 0.28.0-43-g3370ac3207 (webtiles) character file.

Game seed: 2397882711473027353

11519 pkoi the Martial Artist (level 11, -4/89 HPs)
             Began as a Demigod Gladiator on Mar 30, 2022.
             Slain by a seven-headed hydra (12 damage)
             ... on level 1 of the Lair of Beasts.
             The game lasted 00:32:47 (18615 turns).

pkoi the Martial Artist (Demigod Gladiator)        Turns: 18615, Time: 00:32:47

Health: -4/89      AC:  8    Str: 21    XL:     11   Next: 26%
Magic:  20/20      EV: 20    Int: 20    God:
Gold:   167        SH:  0    Dex: 21    Spells: 10/17 levels left

rFire   + . .      SeeInvis .     - Unarmed
rCold   . . .      Faith    .   (no shield)
rNeg    . . .      Spirit   .   a - +0 leather armour
rPois   .          Reflect  .   b - +0 helmet
rElec   .          Harm     .   p - +0 cloak "Deofiuc" {rF+ Str+2}
rCorr   .          Rampage  .   q - +0 pair of gloves
Will    +....                   (no boots)
Stlth   ++........              (no amulet)
HPRegen 0.24/turn               o - +6 ring of intelligence
MPRegen 0.17/turn               y - +4 ring of evasion

@: mighty, unable to read
A: high MP 1, forlorn, divine attributes, iridescent scales 1, agile 1,
inability to read while threatened
a: no special abilities


You were on level 1 of the Lair of Beasts.
You visited 2 branches of the dungeon, and saw 11 of its levels.
You also visited: Ossuary.

You collected 475 gold pieces.
You spent 308 gold pieces at shops.

Inventory:

Hand Weapons
 i - a +3 dagger of venom
Missiles
 c - 2 throwing nets
 e - 3 silver javelins
 k - 26 poisoned darts
 m - 3 boomerangs
 n - 4 javelins
 w - 3 curare-tipped darts
Armour
 a - a +0 leather armour (worn)
 b - a +0 helmet (worn)
 p - the +0 cloak "Deofiuc" (worn) {rF+ Str+2}
   (You found it on level 6 of the Dungeon)

   Str:       It affects your strength (+2).
   rF:        It protects you from fire.
 q - a +0 pair of gloves (worn)
Magical Staves
 v - a staff of air
Jewellery
 l - a ring of magical power
 o - a +6 ring of intelligence (left hand)
 y - a +4 ring of evasion (right hand)
Wands
 f - a wand of flame (3) (quivered)
 u - a wand of iceblast (7)
 z - a wand of charming (3)
Scrolls
 d - a scroll of teleportation
 g - a scroll of enchant weapon
 j - a scroll of amnesia
 s - 4 scrolls of identify
 t - a scroll of fear
 x - a scroll of magic mapping
Potions
 h - 6 potions of curing


   Skills:
 - Level 6.0 Fighting
 - Level 4.6 Throwing
 - Level 3.0 Armour
 - Level 6.0 Dodging
 * Level 11.6 Unarmed Combat
 + Level 3.6 Spellcasting
 * Level 5.2 Air Magic
 + Level 4.3 Evocations


You had 10 spell levels left.
You knew the following spells:

 Your Spells              Type           Power      Damage    Failure   Level
a - Swiftness             Air            24%        N/A       5%          3
b - Airstrike             Air            12%        N/A       17%         4

Your spell library contained the following spells:

 Spells                   Type           Power      Damage    Failure   Level
 Shock                    Conj/Air       56%        1d6       5%          1
 Sublimation of Blood     Necr           3%         N/A       24%         2
 Ozocubu's Armour         Ice            3%         N/A       43%         3
 Cause Fear               Hex            1%         N/A       83%         4
 Petrify                  Tmut/Erth      3%         N/A       83%         4
 Irradiate                Conj/Tmut      1%         3d13      99%         5
 Metabolic Englaciation   Hex/Ice        1%         N/A       99%         5
 Summon Forest            Summ/Tloc      1%         N/A       99%         5
 Summon Mana Viper        Hex/Summ       3%         N/A       99%         5
 Simulacrum               Ice/Necr       1%         N/A       100%        6
 Summon Cactus Giant      Summ           1%         N/A       100%        6
 Dragon Form              Tmut           1%         N/A       100%        7
 Dragon's Call            Summ           1%         N/A       100%        9


Dungeon Overview and Level Annotations

Branches:
Dungeon (10/15)            Temple (0/1) D:4            Lair (1/6) D:10
    Orc (0/2) D:9         Ossuary (visited)

Shops:
D:6 :

Annotations:
D:6 2 transporters, Zeor's ghost, novice PaFi
Lair:1 2 transporters, Zeor's ghost, journeyman DjCA


Innate Abilities, Weirdness & Mutations

You have an increased reservoir of magic. (+10% MP)
You shall have no god before yourself.
Your divine heritage dramatically boosts your attributes as you level up.
You are partially covered in iridescent scales. (AC +2)
You are agile. (Dex +2)
You sometimes lose the ability to read scrolls when taking damage.


Message History

The sentinel's mark upon you fades away.
You start resting.
A seven-headed hydra is nearby!
A seven-headed hydra is nearby!
You feel very mighty all of a sudden.
The seven-headed hydra roars!
The seven-headed hydra bites you.
* * * LOW HITPOINT WARNING * * *
The seven-headed hydra bites you!
You feel threatened and lose the ability to read scrolls!
* * * LOW HITPOINT WARNING * * *
The seven-headed hydra bites you!
* * * LOW HITPOINT WARNING * * *
The seven-headed hydra bites you!
* * * LOW HITPOINT WARNING * * *
The seven-headed hydra misses you.
The seven-headed hydra bites you but does no damage.
The seven-headed hydra barely misses you.
Unknown command.
You punch the seven-headed hydra!
The seven-headed hydra is lightly wounded.
The seven-headed hydra misses you.
The seven-headed hydra closely misses you.
The seven-headed hydra bites you but does no damage.
The seven-headed hydra completely misses you.
The seven-headed hydra bites you!
* * * LOW HITPOINT WARNING * * *
The seven-headed hydra misses you. The seven-headed hydra bites you.
* * * LOW HITPOINT WARNING * * *
You punch the seven-headed hydra!
The seven-headed hydra is heavily wounded.
The seven-headed hydra barely misses you.
The seven-headed hydra closely misses you.
The seven-headed hydra bites you but does no damage.
The seven-headed hydra bites you.
* * * LOW HITPOINT WARNING * * *
The seven-headed hydra bites you.
* * * LOW HITPOINT WARNING * * *
The seven-headed hydra bites you!
You die...

.....)#
.P..... ####
.###P. ....##
..#
......######
..##
...........###
...#
...........#
...##
#........#
....#
##D.....#
#...##
#@.##...#
.....# #### .#
##...##
#.....#
##....##
..†....#
.......##
........##
........P#


You could see a seven-headed hydra.

Vanquished Creatures
  A hydra (Lair:1)
  A two-headed ogre (D:9)
  A necromancer (D:9)
  3 centaur zombies
  2 cane toads (Lair:1)
  A kobold demonologist (D:10)
  3 komodo dragons
  A polar bear (Lair:1)
  A hornet (D:7)
  Prince Ribbit (D:7)
  A wraith (D:8)
  11 yaks
  Menkaure (D:7)
  3 water moccasins
  An orc warrior (D:9)
  A swamp drake (D:7)
  3 ice beasts
  A black bear (D:5)
  A boggart (D:4)
  2 necrophages
  2 ogres
  6 centaurs
  3 kobold brigands
  A gnoll sergeant (D:8)
  4 bullfrogs
  A scorpion (D:6)
  A wyvern zombie (D:6)
  4 water moccasin zombies (Ossuary)
  A water moccasin skeleton (D:5)
  2 wyvern skeletons (D:6)
  6 killer bees
  4 wights (D:7)
  5 howler monkeys
  3 hounds
  A centaur skeleton (D:4)
  A gnoll shaman (D:5)
  A bullfrog skeleton (D:6)
  3 orc priests
  8 iguanas
  Natasha (thrice) (D:2)
  11 orc wizards
  7 yak simulacra (D:9)
  2 polar bear simulacra (D:9)
  A wolf simulacrum (D:9)
  2 hound zombies (D:4)
  2 mummies (Ossuary)
  4 howler monkey zombies
  14 gnolls
  Robin (D:3)
  5 adders
  A howler monkey skeleton (D:6)
  A shadow imp (D:8)
  An adder skeleton (D:4)
  5 adder zombies
  2 worms (D:2)
  24 orcs
  3 bats
  5 endoplasms
  4 giant cockroaches
  9 hobgoblins
  5 jackals (D:2)
  20 kobolds
  2 quokkas (D:1)
  4 ball pythons
  2 gnoll zombies (Ossuary)
  14 goblins
  3 hobgoblin zombies (Ossuary)
  3 kobold zombies (Ossuary)
  3 orc zombies (Ossuary)
  9 rats
  A river rat simulacrum (D:9)
270 creatures vanquished.

Vanquished Creatures (collateral kills)
  A bullfrog (Lair:1)
1 creature vanquished.

Vanquished Creatures (others)
  2 fungi (Lair:1)
  2 plants (Lair:1)
4 creatures vanquished.

Grand Total: 275 creatures vanquished

Notes
Turn   | Place    | Note
-------+----------+-------------------------------------------
     0 | D:1      | pkoi the Demigod Gladiator began the quest for the Orb.
     0 | D:1      | Reached XP level 1. HP: 17/17 MP: 3/3
   611 | D:1      | Reached XP level 2. HP: 24/24 MP: 4/4
   668 | D:1      | Reached skill level 3 in Unarmed Combat
  1362 | D:2      | Noticed Natasha
  1367 | D:2      | Killed Natasha
  1368 | D:2      | Reached XP level 3. HP: 29/29 MP: 5/5
  1712 | D:2      | Noticed Natasha
  1729 | D:2      | Killed Natasha
  1730 | D:2      | Reached XP level 4. HP: 26/36 MP: 6/6
  2126 | D:2      | Reached skill level 4 in Unarmed Combat
  2736 | D:2      | Noticed Natasha
  2749 | D:2      | Killed Natasha
  2750 | D:2      | Reached XP level 5. HP: 36/41 MP: 7/7
  3298 | D:3      | Noticed Robin
  3343 | D:3      | Killed Robin
  4073 | D:3      | Reached skill level 5 in Unarmed Combat
  4280 | D:4      | Found a sand-covered staircase.
  4289 | Ossuary  | Entered an ossuary
  4315 | Ossuary  | Reached skill level 1 in Evocations
  4561 | Ossuary  | Reached XP level 6. HP: 38/48 MP: 8/8
  5551 | D:4      | Found a staircase to the Ecumenical Temple.
  5581 | D:4      | Reached skill level 6 in Unarmed Combat
  5581 | D:4      | Reached XP level 7. HP: 35/56 MP: 9/9
  6279 | D:3      | Gained mutation: You sometimes lose the ability to read
                  | scrolls when taking damage. [potion of mutation]
  6279 | D:3      | Gained mutation: You are agile. (Dex +2) [potion of
                  | mutation]
  6279 | D:3      | Gained mutation: You are partially covered in iridescent
                  | scales. (AC +2) [potion of mutation]
  6279 | D:3      | HP: 2/56 [something (3)]
  7017 | D:5      | Entered Level 5 of the Dungeon
  7259 | D:5      | Reached skill level 7 in Unarmed Combat
  7277 | D:5      | Reached XP level 8. HP: 23/66 MP: 10/10
  7935 | D:5      | HP: 2/66 [gnoll/+0 halberd (13)]
  8358 | D:6      | Reached skill level 1 in Armour
  8837 | D:6      | Found a transporter.
  8859 | D:6      | Reached skill level 5 in Dodging
  8859 | D:6      | Reached skill level 8 in Unarmed Combat
  9173 | D:6      | Noticed Zeor's ghost (novice PaFi)
  9386 | D:6      | Found a transporter.
  9391 | D:6      | Identified the +0 cloak "Deofiuc" {rF+ Str+2}
  9554 | D:6      | Found Ruzia's Book Shoppe.
  9760 | D:7      | Reached skill level 5 in Fighting
  9760 | D:7      | Reached XP level 9. HP: 50/74 MP: 11/11
 10126 | D:7      | Noticed Menkaure
 10137 | D:7      | Killed Menkaure
 10326 | D:7      | Noticed Prince Ribbit
 10336 | D:7      | Killed Prince Ribbit
 10337 | D:7      | Reached skill level 9 in Unarmed Combat
 12915 | D:8      | You fall into a shaft and drop 2 floors!
 12915 | D:10     | Entered Level 10 of the Dungeon
 12920 | D:10     | Found a flagged portal.
 12973 | D:10     | Reached XP level 10. HP: 44/83 MP: 13/13
 13468 | D:8      | Reached skill level 10 in Unarmed Combat
 14203 | D:9      | Found a staircase to the Orcish Mines.
 14362 | D:9      | Reached skill level 1 in Air Magic
 14596 | D:9      | Reached skill level 1 in Spellcasting
 14634 | D:9      | Noticed a two-headed ogre
 14639 | D:9      | Killed a two-headed ogre
 14855 | D:9      | Noticed a necromancer
 14912 | D:6      | Bought a book of Air for 308 gold pieces
 14916 | D:6      | Learned a level 3 spell: Swiftness
 14921 | D:6      | Learned a level 4 spell: Airstrike
 15336 | D:9      | Killed a necromancer
 15684 | D:10     | Noticed a sun demon
 16247 | D:10     | Noticed a rust devil
 16480 | D:10     | Found a staircase to the Lair.
 16491 | D:10     | Reached skill level 11 in Unarmed Combat
 17067 | D:9      | Reached XP level 11. HP: 89/89 MP: 19/19
 17498 | Lair:1   | Entered Level 1 of the Lair of Beasts
 17709 | Lair:1   | Found a transporter.
 17713 | Lair:1   | Found a transporter.
 17713 | Lair:1   | Noticed Zeor's ghost (journeyman DjCA)
 17936 | Lair:1   | Noticed a six-headed hydra
 17977 | Lair:1   | Killed a six-headed hydra
 18103 | Lair:1   | Reached skill level 5 in Air Magic
 18552 | Lair:1   | Found the +14 obsidian axe {vorpal, Mesm Drain Fly SInv}
 18553 | Lair:1   | Noticed a five-headed hydra
 18577 | Lair:1   | Noticed a seven-headed hydra
 18615 | Lair:1   | Slain by a seven-headed hydra

Illustrated notes

Levels and vault maps discovered:
D:1:      ebering_hopf_link, layout_rooms, grunt_decor_arrowhead
D:2:      layout_loops_ring, chequers_serial_rivers_large_a,
          cheibrodos_gnoll_hut, uniq_natasha
D:3:      layout_basic, nzn_wu_jian_council_hall,
          hellmonk_ecumenical_altar_lost_god, lemuel_flame_loot_1, uniq_robin
D:4:      layout_basic, nicolae_overflow_crystal_walls,
          nicolae_qazlal_scattered_showers, nicolae_yredelemnul_corpse_copse,
          minmay_temple_entry_sparse_star, nicolae_ossuary_entry_ruins
D:5:      layout_loops_cross, nzn_hepliaklqana_mist_gate, minmay_statues_item,
          kennysheep_generic_room_4, uniq_sigmund, uniq_blork_the_orc
D:6:      layout_gridville, old_standard_altar, okawaru_trees_1,
          gammafunk_ghost_stat_death, serial_shops, nicolae_stop_n_shop_2
D:7:      layout_basic, nicolae_ru_great_annihilating_truth, led_sif_book,
          uniq_prince_ribbit1, uniq_menkaure
D:8:      layout_rooms, mainiacjoe_overflow_paths
D:9:      layout_grid_maze, orc_0_dummy, eino_house_with_fridge
D:10:     layout_rooms, lair_entry_dummy, enter_bailey_8
Lair:1:   layout_hall_layers, gammafunk_ghost_arena, grunt_megastairs_3

Skill      XL: |  1  2  3  4  5  6  7  8  9 10 11 |
---------------+----------------------------------+-----
Fighting       | 2 3 5 6 |  6.0
Unarmed Combat | 3 4 5 6 7 8 9 11 | 11.6
Throwing       | 2 3 4 |  4.6
Dodging        | 3 4 5 6 |  6.0
Evocations     | 1 2 3 4 |  4.3
Armour         | 2 3 |  3.0
Air Magic      | 4 5 |  5.2
Spellcasting   | 3 |  3.6

Action                   |  1- 3 |  4- 6 |  7- 9 | 10-12 || total
-------------------------+-------+-------+-------+-------++-------
Melee: Unarmed           |   110 |   267 |   480 |   285 ||  1142
       Punch             |     1 |    10 |    32 |    30 ||    73
       Dagger            |       |       |    23 |       ||    23
 Fire: Hunting sling     |    18 |    10 |    49 |       ||    77
Throw: Javelin           |       |     1 |       |       ||     1
       Throwing net      |       |       |     4 |       ||     4
       Boomerang         |       |       |     5 |     6 ||    11
Evoke: Wand              |       |       |    11 |    25 ||    36
  Use: Scroll            |     1 |     3 |     6 |     2 ||    12
       Potion            |       |     1 |    13 |     1 ||    15
 Stab: Sleeping          |       |     1 |     2 |     1 ||     4
       Distracted        |       |       |     2 |       ||     2
       Held in net/web   |       |       |     2 |       ||     2
Armor: Leather armour    |    31 |    72 |   122 |    71 ||   296
       Skin              |     1 |     2 |       |       ||     3
Dodge: Dodged            |    79 |   145 |   323 |   275 ||   822
